 Dungeon Crawl Stone Soup version 0.16-a0-1196-ged0958e (webtiles) character file.

50353 RobertPalmer the Nimble (level 14, -13/81 HPs)
             Began as an Octopode Gladiator on Oct 11, 2014.
             Was a Priest of Qazlal.
             Mangled by a komodo dragon (18 damage)
             ... on level 8 of the Lair of Beasts.
             The game lasted 01:11:27 (26103 turns).

RobertPalmer the Nimble (Octopode Gladiator)       Turns: 26103, Time: 01:11:27

Health: -13/81     AC: 10    Str: 15    XL:     14   Next: 54%
Magic:  35/35      EV: 18    Int: 15    God:    Qazlal [***...]
Gold:   1155       SH:  9    Dex: 12    Spells: 3 memorised, 5 levels left

rFire  . . .     SeeInvis +     a - +5 flail (protect)
rCold  + . .     Clarity  .     u - +0 buckler
rNeg   . . .     SustAb   +     c - +2 hat
rPois  .         Gourm    +     L - amulet of the gourmand
rElec  .         Spirit   .     m - +2 ring of protection
rCorr  .         Warding  .     v - ring of protection from cold
rMut   .         Stasis   .     I - ring of see invisible
MR     +....                    U - ring of magical power
Stlth  ++........               X - ring of stealth
                                W - ring of sustain abilities
                                x - ring of wizardry
                                (no ring)

@: somewhat resistant to hostile enchantments, unstealthy
A: almost no armour, amphibious, 8 rings, constrict 8, camouflage 1, gelatinous
body 1
a: Upheaval, Elemental Force, Renounce Religion


You were on level 8 of the Lair of Beasts.
You worshipped Qazlal.
Qazlal was most pleased with you.
You were very hungry.

You visited 3 branches of the dungeon, and saw 19 of its levels.

You collected 1155 gold pieces.


Innate Abilities, Weirdness & Mutations

You cannot wear most types of armour.
You are amphibious.
You can wear up to eight rings at the same time.
You can use your tentacles to constrict many enemies at once.
Your skin changes colour to match your surroundings (Stealth).
Your rubbery body absorbs attacks (AC +1).


   Skills:
 - Level 2.0 Fighting
 - Level 12.2 Maces & Flails
 - Level 2.0 Throwing
 + Level 12.7 Dodging
 - Level 6.6 Shields
 - Level 4.8 Spellcasting
 - Level 9.2 Charms
 - Level 8.8 Translocations
 - Level 5.9 Air Magic
 - Level 8.9 Invocations


You had 5 spell levels left.
You knew the following spells:

 Your Spells              Type           Power        Failure   Level  Hunger
a - Phase Shift           Tloc           ####......   6%          5    #####..
d - Deflect Missiles      Chrm/Air       ####......   67%         6    #######
h - Haste                 Chrm           ####....     38%         6    #######

Inventory:

Hand weapons
 a - a +5 flail of protection (weapon)
 b - a +0 blowgun
 y - a +1 dire flail
Missiles
 d - a throwing net (quivered)
 C - 54 poisoned needles
 R - 5 curare-tipped needles
Armour
 c - a +2 hat (worn)
 u - a +0 buckler (worn)
Magical devices
 k - a wand of fire (11)
 l - a wand of confusion (8)
 t - a wand of digging (18)
 z - a wand of disintegration (16)
 P - a wand of disintegration (0)
Comestibles
 f - 13 bread rations
 h - a royal jelly
 s - 9 beef jerkies
 B - 5 meat rations
 D - a slice of pizza
 E - 16 fruits
Scrolls
 e - a scroll of teleportation
 g - 3 scrolls of recharging
 q - a scroll of amnesia
 w - 4 scrolls of magic mapping
 F - 4 scrolls of fog
 J - 2 scrolls of enchant armour
 S - 5 scrolls of remove curse
 T - a scroll of immolation {!r}
Jewellery
 m - a +2 ring of protection (left tentacle)
 p - an uncursed amulet of clarity
 v - a ring of protection from cold (right tentacle)
 x - a ring of wizardry (on tentacle)
 I - a ring of see invisible (on tentacle)
 L - an amulet of the gourmand (around mantle)
 U - a ring of magical power (on tentacle)
 W - a ring of sustain abilities (on tentacle)
 X - a ring of stealth (on tentacle)
Potions
 i - 2 potions of cancellation
 j - 2 potions of curing
 n - a potion of agility
 o - a potion of invisibility
 r - a potion of haste
 K - a potion of magic
 M - 2 potions of restore abilities
 O - 2 potions of berserk rage
 Z - a potion of might
Books
 Q - a book of Dreams
 Y - a Grand Grimoire {highlevel, unknown}
Magical staves
 V - an uncursed staff of energy {!a}
Miscellaneous
 A - a fan of gales
 G - a sack of spiders
 H - a fan of gales

Dungeon Overview and Level Annotations

Branches:
Dungeon (10/15)            Temple (1/1) D:5            Lair (8/8) D:8
 Shoals (0/5) Lair:6        Snake (0/5) Lair:6        Slime (0/6) Lair:6
    Orc: D:9-12

Altars:
Ashenzari
Cheibriados
Dithmenos
Elyvilon
Fedhas
Gozag
Kikubaaqudgha
Makhleb
Nemelex Xobeh
Okawaru
Qazlal
Ru
Sif Muna
Trog
Vehumet
Xom
Yredelemnul
Zin
The Shining One
Jiyva

Annotations:
D:4 Prince Ribbit
D:10 RobertPalmer's ghost, experienced OpGl

## ≈≈P♣ ♣≈≈≈ .# ..≈≈.♣♣
♣≈≈... .##### .♣
.≈≈.♣♣♣≈≈P.♣ ..##.##
..♣♣ ♣≈?≈≈≈≈..♣ ..≈##.#
... ♣♣≈≈≈.≈≈..♣ ≈≈P#..#♣
P[♣♣≈≈%P....♣
≈......♣♣♣♣♣♣≈≈≈♣..♣..♣♣
≈≈.......≈♣.≈≈)♣♣S?.♣♣♣
≈≈≈≈..♣≈≈≈≈≈≈≈.l@Pt♣♣
≈.....≈≈♣♣.≈♣.♣P♣♣♣♣
≈.....≈♣♣♣♣♣♣♣♣♣♣
...P..P♣ .#....##
.#...... #......#
P....P.


PP... You could see a komodo dragon, a guardian serpent and a crocodile.


Message History

The guardian serpent coils itself and waves its upper body at you.
The bolt of poison misses you.
The bolt of poison hits the plant.
You hit the komodo dragon. You squeeze the komodo dragon.
The komodo dragon is moderately wounded.
The komodo dragon bites you!
The guardian serpent is engulfed in freezing vapours.
The guardian serpent hits you!
You barely miss the komodo dragon.
You squeeze the komodo dragon, but do no damage.
The komodo dragon is moderately wounded.
You momentarily phase out as the guardian serpent's attack passes through you.
The komodo dragon closely misses you.
You hit the komodo dragon.
The komodo dragon is moderately wounded.
You are firmly grounded in the material plane once more.
The guardian serpent hits you!
* * * LOW HITPOINT WARNING * * *
The komodo dragon bites you!!
* * * LOW HITPOINT WARNING * * *
Unknown command.
You hit the komodo dragon.
You squeeze the komodo dragon, but do no damage.
The komodo dragon is moderately wounded.
You block the guardian serpent's attack.
You hit the komodo dragon.
The komodo dragon is heavily wounded.
The guardian serpent hits you!
* * * LOW HITPOINT WARNING * * *
The komodo dragon bites you!!
You die...

Action                   |  1- 3 |  4- 6 |  7- 9 | 10-12 | 13-15 || total
-------------------------+-------+-------+-------+-------+-------++-------
Melee: Flail             |    73 |   119 |   312 |   786 |   784 ||  2074
       Dire flail        |       |       |       |       |   170 ||   170
 Fire: Blowgun           |       |       |       |    30 |     5 ||    35
Throw: Throwing net      |       |     3 |     1 |     2 |     1 ||     7
 Cast: Phase Shift       |       |       |       |     3 |    56 ||    59
Invok: Upheaval          |       |       |       |     9 |    19 ||    28
       Elemental Force   |       |       |       |     1 |     6 ||     7
Evoke: Wand              |       |       |     3 |     4 |     4 ||    11
  Use: Scroll            |       |     5 |    12 |     9 |    15 ||    41
       Potion            |       |     1 |     1 |     8 |     6 ||    16
 Stab: Sleeping          |     2 |     5 |     3 |     1 |       ||    11
       Held in net/web   |       |     3 |     1 |       |     1 ||     5
  Eat: Chunk             |     1 |     5 |    11 |    25 |    52 ||    94
       Bread ration      |       |     1 |       |       |       ||     1
       Pizza             |       |       |       |     2 |       ||     2
       Royal jelly       |       |       |       |     1 |     1 ||     2
       Fruit             |       |       |       |       |     1 ||     1

Vault maps used:
D:1:      dpeg_arrival_subterranean_lakeside_camping
D:2:      uniq_terence, uniq_iyjb
D:4:      kennysheep_mini_moat, uniq_sigmund, uniq_prince_ribbit1
D:5:      minmay_temple_entry_statues, first_bread, uniq_edmund
D:6:      elyvilon_altar_5, uniq_menkaure, uniq_grinder
D:7:      grunt_ogre_cave
D:8:      david_lair_shrubbed
D:9:      minmay_fountain_box, nicolae_dithmenos_through_a_glass_darkly
D:10:     serial_glass, glass_columns_b, glass_columns_c
Temple:   grunt_circular_temple_18
Lair:1:   basic_altar, minmay_holes, minivault_23, serial_bayou_pond_c,
          grunt_forest_stairs_basic
Lair:2:   st_stairs_6, minivault_19, nicolae_lair_grove_arrangements,
          eino_house_with_fridge
Lair:3:   guppyfry_lair_drakes, grunt_megastairs_4, infiniplex_staircase_pool
Lair:4:   basic_altar, bh_chokoban
Lair:5:   baited_tele_trap
Lair:6:   minmay_shoals_entry_beasts, minmay_snake_entry_guardpost_small,
          dpeg_slime_entry_enclosed_altar, basic_altar
Lair:7:   forest_entry_grove
Lair:8:   guppyfry_lair_end_dragon, hangedman_lair_tendril_chambers,
          special_room, lemuel_fruit_fields, infiniplex_staircase_pool_2

Notes
Turn   | Place    | Note
--------------------------------------------------------------
     0 | D:1      | RobertPalmer, the Octopode Gladiator, began the quest for the Orb.
     0 | D:1      | Reached XP level 1. HP: 14/14 MP: 1/1
   141 | D:1      | Reached XP level 2. HP: 16/19 MP: 2/2
   743 | D:1      | Reached skill level 4 in Maces & Flails
   813 | D:1      | Reached XP level 3. HP: 22/24 MP: 3/3
  1187 | D:2      | Noticed Ijyb
  1441 | D:2      | HP: 2/24 [jackal (1)]
  1692 | D:2      | Reached XP level 4. HP: 7/29 MP: 4/4
  2009 | D:2      | Reached skill level 5 in Maces & Flails
  2042 | D:2      | Killed Ijyb
  2320 | D:2      | Noticed Terence
  2328 | D:2      | Killed Terence
  2328 | D:2      | Reached XP level 5. HP: 22/34 MP: 5/5
  2767 | D:3      | Reached skill level 6 in Maces & Flails
  3301 | D:4      | Noticed an ogre
  3451 | D:4      | Reached XP level 6. HP: 17/39 MP: 2/6
  3561 | D:4      | Noticed Prince Ribbit
  3591 | D:4      | Found a deep blue altar of Sif Muna.
  3935 | D:4      | Noticed Sigmund
  3945 | D:4      | Killed Sigmund
  3945 | D:4      | Reached skill level 7 in Maces & Flails
  4251 | D:4      | Killed an ogre
  4251 | D:4      | Reached XP level 7. HP: 45/45 MP: 7/7
  4301 | D:5      | Entered Level 5 of the Dungeon
  4511 | D:5      | Noticed Edmund
  4513 | D:5      | Found a staircase to the Ecumenical Temple.
  4528 | D:5      | Killed Edmund
  4528 | D:5      | Reached skill level 8 in Maces & Flails
  4749 | D:5      | Reached skill level 9 in Maces & Flails
  4996 | Temple   | Entered the Ecumenical Temple
  5065 | Temple   | Became a worshipper of Qazlal Stormbringer
  5183 | D:6      | Reached XP level 8. HP: 50/50 MP: 8/8
  5202 | D:6      | Found a white marble altar of Elyvilon.
  5273 | D:6      | Reached skill level 4 in Dodging
  5483 | D:6      | Reached skill level 5 in Dodging
  5615 | D:6      | Acquired Qazlal's first power
  5616 | D:6      | Reached skill level 6 in Dodging
  5671 | D:6      | Noticed Menkaure
  5677 | D:6      | Killed Menkaure
  5805 | D:6      | Noticed Grinder
  5822 | D:6      | Killed Grinder
  5822 | D:6      | Reached skill level 7 in Dodging
  5919 | D:6      | Reached XP level 9. HP: 54/54 MP: 9/9
  6048 | D:6      | Reached skill level 8 in Dodging
  6610 | D:7      | Reached skill level 9 in Dodging
  6883 | D:7      | Reached skill level 1 in Shields
  7028 | D:7      | Reached skill level 2 in Shields
  7033 | D:7      | Acquired Qazlal's second power
  7049 | D:7      | Reached skill level 3 in Shields
  7110 | D:7      | Reached skill level 4 in Shields
  7250 | D:7      | Reached skill level 5 in Shields
  7476 | D:8      | Reached skill level 6 in Shields
  7526 | D:8      | Reached XP level 10. HP: 24/60 MP: 7/10
  8144 | D:8      | Got a bloodstained long sword
  8145 | D:8      | Identified the +9 long sword of the Elven Halls {drain, rElec Int+4} (You found it on level 8 of the Dungeon)
  8500 | D:8      | Found a staircase to the Lair.
  8501 | D:8      | Noticed a komodo dragon
  8511 | D:8      | Killed a komodo dragon
  8511 | D:8      | Reached skill level 10 in Dodging
  8567 | D:8      | Acquired Qazlal's third power
  8831 | Lair:1   | Entered Level 1 of the Lair of Beasts
  8856 | Lair:1   | Noticed a black mamba
  8868 | Lair:1   | Killed a black mamba
  9055 | Lair:1   | Reached skill level 11 in Dodging
  9102 | Lair:1   | Found a deep blue altar of Sif Muna.
  9248 | Lair:1   | Reached skill level 1 in Spellcasting
  9255 | Lair:1   | Learned a level 5 spell: Phase Shift
  9262 | Lair:1   | Learned a level 6 spell: Deflect Missiles
  9371 | Lair:1   | Reached skill level 2 in Spellcasting
  9421 | Lair:1   | Reached skill level 3 in Spellcasting
  9437 | Lair:1   | Reached skill level 4 in Spellcasting
  9445 | Lair:1   | Reached XP level 11. HP: 10/64 MP: 4/22
 10005 | Lair:2   | Reached skill level 1 in Charms
 10099 | Lair:2   | Reached skill level 1 in Translocations
 10109 | Lair:2   | Reached skill level 2 in Translocations
 10160 | Lair:2   | Reached skill level 1 in Invocations
 10208 | Lair:2   | Reached skill level 2 in Invocations
 10595 | Lair:2   | Reached skill level 3 in Invocations
 10610 | Lair:2   | Reached skill level 4 in Invocations
 10628 | Lair:2   | Acquired Qazlal's fourth power
 10628 | Lair:2   | Reached skill level 5 in Invocations
 10861 | Lair:2   | Reached skill level 6 in Invocations
 11133 | Lair:2   | Noticed a necromancer
 11141 | Lair:2   | Killed a necromancer
 11141 | Lair:2   | Reached skill level 7 in Invocations
 11312 | Lair:3   | Noticed a four-headed hydra
 11314 | Lair:3   | Killed a four-headed hydra
 11314 | Lair:3   | Reached skill level 8 in Invocations
 11347 | Lair:2   | HP: 6/64 [black mamba (8)]
 11977 | Lair:3   | Reached skill level 3 in Translocations
 12025 | Lair:2   | Reached skill level 4 in Translocations
 12025 | Lair:2   | Reached XP level 12. HP: 32/70 MP: 18/24
 12238 | Lair:3   | Reached skill level 5 in Translocations
 12386 | Lair:3   | Reached skill level 6 in Translocations
 13248 | Lair:4   | Reached skill level 7 in Translocations
 13377 | Lair:4   | Noticed a seven-headed hydra
 13379 | Lair:4   | Killed a seven-headed hydra
 13472 | Lair:4   | Reached skill level 8 in Translocations
 13582 | Lair:4   | Found a bloodstained altar of Trog.
 14321 | Lair:5   | Reached skill level 2 in Charms
 14460 | Lair:5   | Reached skill level 3 in Charms
 14649 | Lair:5   | Noticed an eight-headed hydra
 14651 | Lair:5   | Killed an eight-headed hydra
 14651 | Lair:5   | Reached skill level 4 in Charms
 14771 | Lair:5   | Reached skill level 5 in Charms
 15281 | Lair:5   | Reached skill level 6 in Charms
 16091 | Lair:6   | Found a white marble altar of Elyvilon.
 16099 | Lair:6   | Reached skill level 7 in Charms
 16099 | Lair:6   | Reached XP level 13. HP: 57/74 MP: 25/25
 16291 | Lair:6   | Found a staircase to the Snake Pit.
 16411 | Lair:6   | Reached skill level 8 in Charms
 16560 | Lair:6   | Found a viscous altar of Jiyva.
 16560 | Lair:6   | Found a staircase to the Slime Pits.
 17219 | Lair:6   | Found a staircase to the Shoals.
 17337 | Lair:6   | Reached skill level 9 in Charms
 18125 | Lair:7   | Acquired Qazlal's fifth power
 18443 | Lair:7   | Reached skill level 10 in Maces & Flails
 19602 | Lair:8   | Entered Level 8 of the Lair of Beasts
 19697 | Lair:7   | Reached skill level 11 in Maces & Flails
 21312 | D:9      | Found a shadowy altar of Dithmenos.
 21728 | D:10     | Entered Level 10 of the Dungeon
 21730 | D:10     | Noticed RobertPalmer's ghost (experienced OpGl)
 22194 | Lair:8   | Reached skill level 12 in Maces & Flails
 22269 | Lair:8   | Reached XP level 14. HP: 48/81 MP: 26/26
 23019 | Lair:7   | Learned a level 6 spell: Haste
 23048 | Lair:7   | Reached skill level 1 in Air Magic
 23093 | Lair:8   | Reached skill level 2 in Air Magic
 23220 | Lair:8   | Reached skill level 3 in Air Magic
 23357 | Lair:8   | Paralysed by a red wasp for 2 turns
 23410 | Lair:8   | Reached skill level 4 in Air Magic
 23513 | Lair:8   | HP: 6/81 [harpy (6)]
 23873 | Lair:7   | HP: 8/81 [poisoned by a black mamba]
 23881 | Lair:7   | HP: 8/81 [poisoned by a black mamba]
 24368 | Lair:8   | Reached skill level 5 in Air Magic
 24837 | Lair:8   | Reached skill level 12 in Dodging
 25530 | Lair:8   | Got a polished cutlass
 25531 | Lair:8   | Identified the cursed -2 cutlass "Fatapsa" {drain, +Blink rPois MR+ Dex-1} (You found it on level 8 of the Lair of Beasts)
 26103 | Lair:8   | HP: 5/81 [guardian serpent (16)]
 26103 | Lair:8   | Mangled by a komodo dragon

Vanquished Creatures
  6 hydras
  A fire crab (Lair:6)
  A necromancer (Lair:2)
  2 wolf spiders (Lair:8)
  A red wasp (Lair:8)
  A harpy (Lair:8)
  4 griffons
  A manticore (Lair:6)
  A centaur zombie (D:9)
  An elephant (Lair:7)
  A torpor snail (Lair:2)
  14 black mambas
  14 spiny frogs
  14 komodo dragons
  2 fire drakes (Lair:8)
  Grinder (D:6)
  A polar bear (Lair:7)
  9 blink frogs
  2 basilisks
  2 spriggans (Lair:7)
  A deep elf mage (D:9)
  7 wyverns
  An air elemental (Lair:7)
  12 hippogriffs
  A water elemental (Lair:7)
  49 yaks
  10 wolves
  A steam dragon (Lair:8)
  Edmund (D:5)
  25 water moccasins
  Menkaure (D:6)
  A hell hound (Lair:8)
  8 porcupines
  2 mottled dragons
  2 sky beasts
  3 nagas (Lair:6)
  3 orc warriors
  2 swamp drakes (Lair:8)
  A black bear (Lair:7)
  A spider (Lair:8)
  3 yellow wasps (Lair:8)
  An ice beast (D:8)
  A big kobold (D:8)
  4 ogres
  2 boring beetles
  Sigmund (D:4)
  21 crocodiles
  14 giant frogs
  A gnoll sergeant (D:7)
  8 wights
  4 scorpions
  6 killer bees (D:8)
  A yellow wasp zombie (D:8)
  A goliath beetle (D:7)
  9 hounds
  A crimson imp (D:9)
  10 orc priests
  8 jellies (D:7)
  7 orc wizards
  7 iguanas
  4 polar bear simulacra (Lair:2)
  2 gnoll shamans (D:6)
  4 yak simulacra (Lair:2)
  6 worker ants
  24 sheep
  2 wolf simulacra (Lair:2)
  Ijyb (D:2)
  Terence (D:2)
  A mummy (D:9)
  33 adders
  16 gnolls
  75 green rats
  5 shadow imps
  A giant mite (D:8)
  3 worms
  A gnoll zombie (D:6)
  An iguana skeleton (D:9)
  An adder zombie (D:8)
  An orc skeleton (D:9)
  2 orc zombies
  2 giant geckos
  An ooze (D:3)
  23 orcs
  22 bats
  4 giant cockroaches
  7 hobgoblins
  10 jackals
  9 quokkas
  10 giant newts
  A gnoll skeleton (D:6)
  8 goblins
  A green rat simulacrum (Lair:2)
  18 kobolds
  20 rats
  A bush (Lair:2)
  54 fungi
  32 plants
728 creatures vanquished.

Vanquished Creatures (collateral kills)
  4 elephants (Lair:7)
  A spiny frog (Lair:2)
  A yak (Lair:2)
6 creatures vanquished.

Vanquished Creatures (others)
  A water elemental (Lair:8)
  17 fungi
  6 plants
24 creatures vanquished.

Grand Total: 758 creatures vanquished
